 Dungeon Crawl Stone Soup version 0.31-a0-319-g4fced400ed (webtiles) character file.

Game seed: 16397013232655337583

18330 tilp the Covert (level 12, -1/96 HPs)
             Began as a Vampire Enchanter on July 17, 2023.
             Was an Elder of Wu Jian.
             Slain by a skyshark (17 damage)
             ... on level 2 of the Lair of Beasts.
             The game lasted 00:25:41 (14515 turns).

tilp the Covert (Vampire Enchanter)                Turns: 14515, Time: 00:25:41

Health: -1/96      AC: 12    Str:  7    XL:     12   Next: 26%
Magic:  14/22      EV: 19    Int: 22    God:    Wu Jian [****..]
Gold:   849        SH:  0    Dex: 15    Spells: 9/25 levels left

rFire   . . .        a - +4 dagger (elec)
rCold   . . .        (no shield)
rNeg    . . .        J - +0 steam dragon scales
rPois   +            p - +1 helmet
rElec   .            y - +1 cloak {Stlth+}
rCorr   .            q - +0 pair of gloves
SInv    +            m - +0 pair of boots
Will    +....        O - amulet of the acrobat
Stlth   ++++++       e - ring of poison resistance
HPRegen 0.56/turn    B - +5 ring of evasion
MPRegen 0.18/turn

%: acrobat
@: about to teleport, healing quickly, slowed, invisible, very slow
A: alive, fangs 3, see invisible, vampiric 2
a: Exsanguinate, Renounce Religion, Wall Jump, Serpent's Lash


You were on level 2 of the Lair of Beasts.
You worshipped Wu Jian.
Wu Jian was greatly pleased with you.
You visited 3 branches of the dungeon, and saw 15 of its levels.

You collected 849 gold pieces.

Inventory:

Hand Weapons
 a - a +4 dagger of electrocution (weapon)
 b - a +2 dagger of venom
 N - a +4 dagger
Missiles
 s - 10 boomerangs
 t - 3 curare-tipped darts
 w - 4 javelins
 z - 3 datura-tipped darts
 C - 28 poisoned darts
 E - a throwing net
 H - a silver boomerang
 K - 6 atropa-tipped darts
Armour
 m - a +0 pair of boots (worn)
 p - a +1 helmet (worn)
 q - a +0 pair of gloves (worn)
 y - a +1 cloak of stealth (worn)
 J - +0 steam dragon scales (worn)
Jewellery
 e - a ring of poison resistance (left hand)
 o - a ring of wizardry
 x - a ring of flight
 B - a +5 ring of evasion (right hand)
 O - an amulet of the acrobat (around neck)
 P - a ring of fire
 Q - a ring of positive energy
Talismans
 n - a beast talisman
Wands
 d - a wand of digging (11)
 j - a wand of iceblast (14)
 L - a wand of mindburst (8)
Scrolls
 k - 3 scrolls of fog
 A - 3 scrolls of amnesia
 F - 3 scrolls of revelation
 G - 6 scrolls of teleportation
 I - a scroll of torment
 R - 2 scrolls of identify
 S - a scroll of vulnerability
 T - a scroll of fear
Potions
 c - 3 potions of invisibility
 f - 2 potions of ambrosia {unknown}
 g - 2 potions of attraction
 h - 5 potions of enlightenment
 i - 3 potions of magic
 l - 7 potions of curing
 r - 2 potions of brilliance
 u - 2 potions of haste
 v - a potion of might {unknown}
 D - 3 potions of mutation
Miscellaneous
 M - a lightning rod (4/4)


   Skills:
 * Level 9.4 Fighting
 - Level 10.0 Short Blades
 - Level 3.0 Armour
 - Level 6.0 Dodging
 - Level 12.0 Stealth
 - Level 7.0 Spellcasting
 - Level 2.0 Conjurations
 - Level 10.0 Hexes
 - Level 4.0 Transmutations
 - Level 2.0 Ice Magic
 - Level 4.0 Evocations


You had 9 spell levels left.
You knew the following spells:

 Your Spells              Type           Power      Damage    Failure   Level
a - Ensorcelled Hibernat  Hex/Ice        68%        N/A       1%          2
b - Confusing Touch       Hex            51%        N/A       1%          3
c - Tukima's Dance        Hex            51%        N/A       1%          3
d - Dazzling Flash        Conj/Hex       68%        N/A       1%          3
e - Yara's Violent Unrav  Hex/Tmut       19%        3d9       13%         5

Your spell library contained the following spells:

 Spells                   Type           Power      Damage    Failure   Level
 Portal Projectile        Hex/Tloc       58%        N/A       3%          3
 Shock                    Conj/Air       48%        1d6       5%          1
 Passwall                 Tmut/Erth      13%        N/A       5%          2
 Apportation              Tloc           14%        N/A       9%          1
 Necrotise                Necr           28%        1d5       9%          1
 Summon Small Mammal      Summ           28%        N/A       9%          1
 Hailstorm                Conj/Ice       16%        3d6       11%         3
 Ozocubu's Armour         Ice            16%        N/A       11%         3
 Stone Arrow              Conj/Erth      24%        3d8       16%         3
 Swiftness                Air            7%         N/A       24%         3
 Iskenderun's Mystic Bla  Conj/Tloc      12%        2d5       47%         4
 Airstrike                Air            3%         2d(1-17)  63%         4
 Animate Armour           Summ/Erth      14%        N/A       63%         4
 Passage of Golubria      Tloc           7%         N/A       63%         4
 Lehudib's Crystal Spear  Conj/Erth      6%         10d3      100%        8


Dungeon Overview and Level Annotations

Branches:
Dungeon (12/15)            Temple (1/1) D:7            Lair (2/5) D:11
    Orc (0/2) D:9
  Swamp: Lair:2-3    Shoals: Lair:2-3     Snake: Lair:2-3    Spider: Lair:2-3

Altars:
Ashenzari
Cheibriados
Dithmenos
Fedhas
Gozag
Hepliaklqana
Kikubaaqudgha
Makhleb
Nemelex Xobeh
Okawaru
Qazlal
Ru
Sif Muna
Trog
Uskayaw
Vehumet
Wu Jian
Xom
Yredelemnul

Shops:
D:3 :   D:6 [   D:10 *

Annotations:
Lair:2 Amaemon


Innate Abilities, Weirdness & Mutations

Your natural rate of healing is accelerated.
You have razor-sharp teeth.
You have supernaturally acute eyesight. (SInv)
You are afflicted with vampirism and can become a bat while bloodless.


Message History

The skyshark bites you!! The skyshark barely misses you.
The skyshark tail-slaps you!
Unknown command.
Unknown command.
Unknown command.
Unknown command.
Casting: Yara's Violent Unravelling (dangerous; 13% risk of failure)
Confirm with . or Enter, or press ? or * to list all spells.
Aiming: Ensorcelled Hibernation (safe; 1% risk of failure)
Press: ? - help, Shift-Dir - straight line, f/p - orange demon
Aim: an orange demon (lightly wounded, misshapen and mutated, chance to affect: 40%)
The skyshark is unaffected.
The skyshark closely misses you. The skyshark barely misses you.
The skyshark misses you.
Amaemon points at the orange demon and mumbles some strange words.
The orange demon seems to grow toxic.
The orange demon stings you from afar.
You have difficulty breathing.
* * * LOW HITPOINT WARNING * * *
You feel yourself slow down. The skyshark closely misses you. x2
The skyshark misses you.
Unknown command.
As you read the scroll of teleportation, it crumbles to dust.
You feel strangely unstable. The skyshark bites you.
* * * LOW HITPOINT WARNING * * *
The skyshark misses you. The skyshark closely misses you.
The orange demon stings you but does no damage.
A rime drake comes into view.
The skyshark bites you!
* * * LOW HITPOINT WARNING * * *
The skyshark closely misses you.
The skyshark tail-slaps you but does no damage.
A yak comes into view.
The orange demon misses you.
Unknown command.
Unknown command.
Unknown command.
You fade into invisibility!
The skyshark barely misses you.
The skyshark tail-slaps you but does no damage.
The skyshark misses you. The skyshark bites you!
You die...

............[....P...
..............#.........
..........k.............
.......................Y
........................
...................Y..P.
..........†.......Y.....
........................
................@.......
................6l......
..................4.....
........................
.........)..............
........................
........................
.................#..#.##
...............


You could see Amaemon (unable to see you, misshapen), a skyshark (berserk,
unable to see you), an orange demon (curare, unable to see you, misshapen), 3
yaks and a rime drake (wandering, unable to see you).

Vanquished Creatures
  A hydra (Lair:2)
  A boulder beetle (Lair:2)
  2 two-headed ogres
  A deep elf pyromancer (D:12)
  A cyclops (D:12)
  2 manticores
  A gargoyle (D:11)
  Maggie (D:7)
  A kobold demonologist (D:11)
  6 cane toads
  A rime drake (D:11)
  2 komodo dragons
  A troll (D:12)
  A wind drake (Lair:2)
  3 blink frogs (Lair:1)
  6 dream sheep (Lair:1)
  Sigmund (D:3)
  3 shadows
  2 wraiths
  10 yaks
  A vampire mosquito (D:12)
  An acid dragon (D:11)
  5 water moccasins
  9 orc warriors
  3 ice beasts
  3 black bears
  4 ogres
  8 wolves
  2 centaurs (D:9)
  6 kobold brigands
  4 bullfrogs
  2 gnoll sergeants
  2 scorpions (D:5)
  3 wights (D:9)
  4 killer bees (D:9)
  2 vampire bats (Lair:1)
  11 howler monkeys
  5 jellies
  2 hounds (D:5)
  14 orc priests
  7 iguanas
  19 orc wizards
  2 sleepcaps
  9 gnolls
  7 adders
  3 white imps
  2 ufetubi
  A worm (D:2)
  3 dart slugs
  42 orcs
  12 bats
  3 bat zombies (D:4)
  6 endoplasms
  3 giant cockroaches
  6 goblins
  7 hobgoblins
  3 jackals
  4 quokkas
  8 ball pythons
  A frilled lizard (D:3)
  27 kobolds
  8 rats
  2 rat zombies (D:4)
323 creatures vanquished.

Vanquished Creatures (collateral kills)
  An ogre (D:5)
  A wight (D:9)
2 creatures vanquished.

Vanquished Creatures (others)
  A dancing weapon (D:6)
1 creature vanquished.

Grand Total: 326 creatures vanquished

Notes
Turn   | Place    | Note
-------+----------+-------------------------------------------
     0 | D:1      | tilp the Vampire Enchanter began the quest for the Orb.
     0 | D:1      | Reached XP level 1. HP: 13/13 MP: 3/3
   210 | D:1      | Reached XP level 2. HP: 16/20 MP: 5/5
   213 | D:1      | Learned a level 2 spell: Ensorcelled Hibernation
   766 | D:1      | Found a faded altar of an unknown god.
   826 | D:1      | Gained mutation: You are afflicted with vampirism and can
                  | become a bat while bloodless. [Vampire growth]
   826 | D:1      | Reached XP level 3. HP: 25/25 MP: 3/6
   833 | D:1      | Learned a level 3 spell: Confusing Touch
  1272 | D:2      | Reached skill level 1 in Fighting
  1502 | D:2      | Reached XP level 4. HP: 32/32 MP: 8/8
  1537 | D:2      | Reached skill level 5 in Stealth
  1830 | D:3      | Noticed Sigmund
  1837 | D:3      | Killed Sigmund
  1838 | D:3      | Reached skill level 5 in Hexes
  1838 | D:3      | Reached XP level 5. HP: 29/38 MP: 1/10
  1838 | D:3      | Reached XP level 6. HP: 33/44 MP: 1/11
  2373 | D:3      | Found Wohix's Book Boutique.
  2640 | D:3      | Learned a level 3 spell: Tukima's Dance
  2644 | D:3      | Learned a level 3 spell: Dazzling Flash
  3361 | D:4      | Found an ancient bone altar of Kikubaaqudgha.
  3425 | D:4      | Found a shadowy altar of Dithmenos.
  3471 | D:4      | Reached XP level 7. HP: 13/51 MP: 2/12
  3997 | D:5      | Entered Level 5 of the Dungeon
  3997 | D:5      | Found a stormy altar of Qazlal.
  4368 | D:5      | Found a basalt altar of Yredelemnul.
  4392 | D:5      | Reached skill level 6 in Stealth
  4690 | D:5      | Reached XP level 8. HP: 57/60 MP: 6/14
  5135 | D:6      | Reached skill level 5 in Short Blades
  5231 | D:6      | Reached skill level 7 in Stealth
  5231 | D:6      | Reached skill level 5 in Spellcasting
  5762 | D:6      | Reached skill level 5 in Fighting
  6014 | D:6      | Got the Secrets of Hypothermia
  6021 | D:6      | Learned a level 5 spell: Yara's Violent Unravelling
  6107 | D:6      | Found a bloodstained altar of Trog.
  6152 | D:6      | Reached XP level 9. HP: 67/68 MP: 2/16
  6300 | D:6      | Found Syiby's Armour Shoppe.
  6587 | D:7      | Found a radiant altar of Vehumet.
  6588 | D:7      | Noticed Maggie
  6621 | D:7      | Reached skill level 8 in Stealth
  6869 | D:7      | Found a hazy altar of Hepliaklqana.
  7071 | D:7      | Found a sparkling altar of Nemelex Xobeh.
  7083 | D:7      | Found a broken altar of Ashenzari.
  7266 | D:7      | Found a shimmering altar of Xom.
  7269 | D:7      | Found a hazy altar of Hepliaklqana.
  7269 | D:7      | Found a sparkling altar of Nemelex Xobeh.
  7271 | D:7      | Found a blossoming altar of Fedhas.
  7271 | D:7      | Found a stormy altar of Qazlal.
  7271 | D:7      | Found an opulent altar of Gozag.
  7333 | D:7      | Found a staircase to the Ecumenical Temple.
  7347 | D:7      | Killed Maggie
  7365 | Temple   | Entered the Ecumenical Temple
  7518 | Temple   | Became a worshipper of the Wu Jian Council
  7996 | D:7      | Upgraded the game from 0.31-a0-300-g4ac5daa9c1 to
                  | 0.31-a0-319-g4fced400ed
  8053 | D:8      | Found a burning altar of Makhleb.
  8192 | D:8      | Reached skill level 9 in Stealth
  8265 | D:8      | Found a shimmering blue altar of Sif Muna.
  8937 | D:9      | Reached skill level 1 in Evocations
  9064 | D:9      | Reached * piety under Wu Jian
  9071 | D:9      | Reached skill level 10 in Stealth
  9248 | D:9      | Reached XP level 10. HP: 76/76 MP: 13/17
  9788 | D:9      | Reached skill level 10 in Short Blades
 10353 | D:9      | Found a staircase to the Orcish Mines.
 10544 | D:10     | Entered Level 10 of the Dungeon
 10584 | D:10     | Found Gozag's Platinum Reserve.
 10588 | D:10     | Found an opulent altar of Gozag.
 10598 | D:10     | Reached skill level 1 in Transmutations
 10774 | D:10     | Reached skill level 1 in Conjurations
 10819 | D:10     | Noticed a two-headed ogre
 10821 | D:10     | Killed a two-headed ogre
 10822 | D:10     | Reached skill level 1 in Armour
 10822 | D:10     | Reached skill level 1 in Ice Magic
 10864 | D:10     | Reached ** piety under Wu Jian
 11728 | D:11     | Noticed a gargoyle
 11728 | D:11     | You fall into a shaft and drop 1 floor!
 11791 | D:12     | Noticed a deep elf pyromancer
 11799 | D:11     | Reached XP level 11. HP: 83/83 MP: 19/19
 11896 | D:11     | Found a staircase to the Lair.
 11986 | D:12     | Killed a deep elf pyromancer
 12022 | D:11     | Reached skill level 5 in Dodging
 12096 | D:11     | Noticed a two-headed ogre
 12100 | D:11     | Killed a two-headed ogre
 12101 | D:11     | Reached skill level 11 in Stealth
 12597 | D:12     | Noticed a boulder beetle
 12619 | D:12     | Reached *** piety under Wu Jian
 12707 | Lair:1   | Entered Level 1 of the Lair of Beasts
 13356 | Lair:1   | Reached **** piety under Wu Jian
 13372 | Lair:1   | Reached XP level 12. HP: 38/92 MP: 6/22
 14054 | Lair:2   | Reached skill level 10 in Hexes
 14054 | Lair:2   | Noticed a seven-headed hydra
 14066 | Lair:2   | Killed a seven-headed hydra
 14067 | Lair:2   | Reached skill level 12 in Stealth
 14496 | Lair:2   | Noticed a boulder beetle
 14502 | Lair:2   | Killed a boulder beetle
 14506 | Lair:2   | Noticed Amaemon
 14515 | Lair:2   | Slain by a skyshark

Illustrated notes

Levels and vault maps discovered:
D:1:      psy_arrival_statuary, layout_basic, ebering_ecumenical_altar_box,
          corexii_hall_statues_i, minmay_tromino_v4_a
D:2:      layout_rooms
D:3:      layout_basic, serial_shops, nicolae_book_shop_shelving, uniq_sigmund
D:4:      layout_basic, grunt_dithmenos_smoke_and_mirrors,
          lemuel_zombie_altar_kikubaaqudgha
D:5:      layout_basic, grunt_qazlal_clouds, yredelemnul_altar_generic,
          minmay_misc_feat_room
D:6:      layout_basic, mainiacjoe_overflow_big_doors, serial_shops, shop
D:7:      layout_loops_cross, overflow_temple_1_default, doesnt_xom_only_xom,
          nicolae_vehumet_radiance, nemelex_xobeh_ov_fountains_minmay,
          kennysheep_mini_moat, minmay_temple_entry_enclosed_plants, uniq_maggie
D:8:      layout_loops_ring, bloody_makhleb, nicolae_sif_muna_little_library
D:9:      layout_basic, elyvilon_altar_5, david_orc_4
D:10:     layout_stronghold, nicolae_gozag_zags_fifth_avenue,
          nicolae_benzene_ring
D:11:     layout_cave_pools, hellmonk_lair_entry_icy, serial_column_ruins,
          column_ruins_grid_1, column_ruins_open_tiny,
          column_ruins_columns_plus, column_ruins_columns_T,
          column_ruins_columns_straight, column_ruins_columns_corner,
          column_ruins_columns_T
D:12:     kennysheep_snake, layout_irregular_city, kennysheep_generic_room_12
Temple:   hellmonk_temple_beads
Lair:1:   layout_concentric_octagons, roderic_batcave
Lair:2:   layout_cave_shapes, minmay_shoals_entry_beasts, serial_bayou_crossing,
          infiniplex_staircase_pool_2, uniq_amaemon

Skill      XL: |  1  2  3  4  5  6  7  8  9 10 11 12 |
---------------+-------------------------------------+-----
Fighting       | 1 2 3 5 6 8 9 |  9.4
Short Blades   | 2 3 4 6 9 10 | 10.0
Stealth        | 5 6 7 10 11 12 | 12.0
Dodging        | 3 4 5 6 |  6.0
Spellcasting   | 3 4 5 7 |  7.0
Hexes          | 5 6 7 8 9 10 | 10.0
Evocations     | 1 2 4 |  4.0
Transmutations | 2 4 |  4.0
Conjurations   | 2 |  2.0
Armour         | 1 3 |  3.0
Ice Magic      | 1 2 |  2.0

Action                     |  1- 3 |  4- 6 |  7- 9 | 10-12 || total
---------------------------+-------+-------+-------+-------++-------
  Melee: Dagger            |   127 |    99 |   297 |   329 ||   852
         Bite              |     9 |    15 |    31 |    35 ||    90
         Punch             |     2 |     1 |     5 |     3 ||    11
   Cast: Ensorcelled Hiber |    24 |    41 |    95 |   105 ||   265
         Confusing Touch   |       |     2 |     9 |     7 ||    18
         Dazzling Flash    |       |     2 |     1 |    17 ||    20
         Tukima's Dance    |       |       |     9 |     1 ||    10
         Yara's Violent Un |       |       |       |     1 ||     1
Ability: Lunge             |       |       |    16 |    46 ||    62
         Whirlwind         |       |       |       |    13 ||    13
    Use: Scroll            |     2 |     4 |     9 |     8 ||    23
         Potion            |       |     2 |     1 |     1 ||     4
   Stab: Sleeping          |    17 |    27 |    57 |    86 ||   187
         Confused          |       |     1 |     7 |     5 ||    13
         Invisible         |       |     3 |       |     8 ||    11
 Armour: Robe              |    36 |    30 |    44 |       ||   110
         Steam dragon scal |       |       |    10 |    54 ||    64
  Dodge: Dodged            |   100 |    87 |   176 |   220 ||   583

Table legend: (Time is in decaauts)
 A = Elapsed time spent in this place.
 B = Non-inter-level travel time spent in this place.
 C = Inter-level travel time spent in this place.
 D = Time resting spent in this place.
 E = Time spent auto-exploring this place.
 F = Levels seen in this place.
 G = Mean time per level.
                   A        B        C        D        E       F      G
               +--------+--------+--------+--------+--------+-----+--------+
         Total |  14282 |  13658 |    624 |   1612 |   9551 |  15 |  952.1 |
       Dungeon |  12317 |  11812 |    505 |   1093 |   8497 |  12 | 1026.4 |
        Temple |    184 |    109 |     75 |      0 |     89 |   1 |  184.0 |
          Lair |   1780 |   1737 |     43 |    519 |    965 |   2 |  890.0 |
               +--------+--------+--------+--------+--------+-----+--------+

Top non-repeatable levels by time:
     D:9: 1698 daAuts
     D:6: 1437 daAuts
  Lair:1: 1314 daAuts
     D:4: 1298 daAuts
     D:1: 1277 daAuts
     D:7: 1204 daAuts
    D:10: 1146 daAuts
     D:5: 1137 daAuts
    D:11: 837 daAuts
     D:8: 771 daAuts
     D:3: 763 daAuts
     D:2: 629 daAuts
  Lair:2: 465 daAuts
  Temple: 184 daAuts
    D:12: 115 daAuts
